 Dungeon Crawl Stone Soup version 0.31-a0-229-g1fc7ce93e2 (webtiles) character file.

Game seed: 9182478749092223274

128 qw the Shooter (level 4, -5/36 HPs)
             Began as a Minotaur Hexslinger on July 6, 2023.
             Killed by divine providence
             ... invoked by an orc priest
              (15 damage)
             ... on level 3 of the Dungeon.
             The game lasted 00:00:42 (1914 turns).

qw the Shooter (Minotaur Hexslinger)                Turns: 1914, Time: 00:00:43

Health: -5/36      AC:  6    Str: 12    XL:     4   Next: 87%
Magic:  4/4        EV: 11    Int: 10    God:
Gold:   196        SH:  5    Dex: 15    Spells: 4/5 levels left

rFire   . . .        g - +1 sling (drain)
rCold   . . .        (no shield)
rNeg    . . .        d - +0 ring mail
rPois   .            (helmet restricted)
rElec   .            (no cloak)
rCorr   .            e - +0 pair of gloves
SInv    .            (no boots)
Will    .....        f - amulet of reflection
Stlth   +            (no ring)
HPRegen 0.26/turn    (no ring)
MPRegen 0.09/turn

%: reflection
@: no status effects
A: horns 2, retaliatory headbutt
a: no special abilities


You were on level 3 of the Dungeon.
You visited 1 branch of the dungeon, and saw 3 of its levels.

You collected 196 gold pieces.


Innate Abilities, Weirdness & Mutations

You have a pair of horns on your head.
You reflexively headbutt those who attack you in melee.


   Skills:
 - Level 2.0 Fighting
 + Level 4.9 Ranged Weapons
 - Level 2.1 Armour
 - Level 2.1 Dodging
 - Level 1.0 Spellcasting
 - Level 2.0 Hexes


You had 4 spell levels left.
You knew the following spells:

 Your Spells              Type           Power      Damage    Failure   Level
a - Slow                  Hex            16%        N/A       32%         1

Your spell library contained the following spells:

 Spells                   Type           Power      Damage    Failure   Level
 Inner Flame              Hex/Fire       2%         N/A       83%         3
 Portal Projectile        Hex/Tloc       4%         N/A       83%         3
 Cause Fear               Hex            2%         N/A       97%         4

Inventory:

Hand Weapons
 g - a +1 sling of draining (weapon)
Armour
 d - a +0 ring mail (worn)
 e - a +0 pair of gloves (worn)
Jewellery
 f - an amulet of reflection (around neck)
Wands
 b - a wand of digging (2)
Scrolls
 a - 2 scrolls of identify
Potions
 c - 2 potions of might {unknown}
 h - 3 potions of degeneration {unknown}
 i - a potion of brilliance {unknown}

Dungeon Overview and Level Annotations

Branches:
Dungeon (3/15)

Altars:


Message History

The orc is severely wounded.
An orc priest comes into view. It is wielding a +0 dagger.
An orc comes into view. It is wielding a +0 dagger of speed.
1905 ||| Stepping ~*~*~tactically~*~*~ (outnumbered).
You shoot a sling bullet.
The sling bullet hits the orc but does no damage.
You drain the orc.
You kill the orc!
You shoot a sling bullet. The sling bullet hits the orc.
The orc is heavily wounded.
The orc hits you with a +0 hand axe.
You shoot a sling bullet. The sling bullet hits the orc.
You kill the orc!
You shoot a sling bullet. The sling bullet hits the orc.
The orc is moderately wounded.
The orc hits you with a +0 hand axe. The orc closely misses you.
You shoot a sling bullet. The sling bullet barely misses the orc.
The orc hits you from afar with a +0 trident.
The orc misses you. The orc hits you but does no damage.
The orc priest mumbles some strange prayers to Beogh against you.
Beogh smites you! The orc hits you but does no damage.
You shoot a sling bullet. The sling bullet hits the orc.
You kill the orc!
The orc closely misses you.
The orc priest mumbles some strange prayers to Beogh against you.
Beogh smites you! The orc barely misses you. You block the orc's attack.
You shoot a sling bullet. The sling bullet hits the orc.
You drain the orc.
The orc is severely wounded.
An orc wizard comes into view. It is wielding a +0 dagger.
The orc closely misses you. The orc hits you but does no damage.
You block the orc's attack.
You shoot a sling bullet. The sling bullet barely misses the orc.
The orc barely misses you.
The orc hits you with a +0 dagger of speed.
You shoot a sling bullet. The sling bullet hits the orc!
You kill the orc!
You block the orc's attack.
The orc priest invokes the aid of Beogh against you.
Beogh smites you!
You die...

#.#...######.#
.#
#.....##.....#
#####.##.....#
#..#.....# 8
##.#.....# o.
#.%.....# ...
##......#


oo.. ##.....# 8o..8 #...@)#...... #...))ooo.... ##........... ##.[######## ####
You could see an orc priest, an orc wizard and an orc.

Vanquished Creatures
  Ijyb (D:3)
  Natasha (D:2)
  2 adders
  A worm (D:3)
  2 dart slugs
  4 orcs (D:3)
  8 ball pythons
  3 endoplasms
  2 giant cockroaches
  7 goblins
  3 hobgoblins
  A quokka (D:1)
  4 bats
  6 frilled lizards (D:2)
  5 kobolds
  3 rats (D:1)
53 creatures vanquished.

Notes
Turn   | Place    | Note
-------+----------+-------------------------------------------
     0 | D:1      | qw the Minotaur Hexslinger began the quest for the Orb.
     0 | D:1      | Reached XP level 1. HP: 16/16 MP: 1/1
     0 | D:1      | 0 ||| qw: Version: 0.3-a-46-gb1f654a
     0 | D:1      | 0 ||| qw: Game counter: 1535
     0 | D:1      | 0 ||| qw: Melee chars always use a shield: true
     0 | D:1      | 0 ||| qw: God list: Okawaru
     0 | D:1      | 0 ||| qw: Allow faded altars: false
     0 | D:1      | 0 ||| qw: Do Orc after clearing Dungeon:15 true
     0 | D:1      | 0 ||| qw: Do second Lair branch before Depths: true
     0 | D:1      | 0 ||| qw: Lair rune preference: random
     0 | D:1      | 0 ||| qw: Goals: Normal
     0 | D:1      | 0 ||| PLANNING D:1-11
    79 | D:1      | Reached skill level 3 in Ranged Weapons
    79 | D:1      | Reached XP level 2. HP: 23/23 MP: 2/2
   553 | D:1      | 553 ||| UPGRADING to +0 ring mail.
   563 | D:1      | 563 ||| DROPPING +0 robe.
   564 | D:1      | 564 ||| READING scroll labelled PEKYDEQODEA.
   565 | D:1      | 565 ||| READING scroll labelled XUTUEC KEDEZ.
   566 | D:1      | 566 ||| DRINKING 2 metallic puce potions.
   567 | D:1      | 567 ||| DROPPING scroll of poison.
   701 | D:2      | Reached XP level 3. HP: 29/29 MP: 3/3
   871 | D:2      | Reached skill level 4 in Ranged Weapons
  1083 | D:2      | Noticed Natasha
  1084 | D:2      | 1084 ||| Stepping ~*~*~tactically~*~*~ (outnumbered).
  1093 | D:2      | HP: 4/29 [Natasha/magic dart (6)]
  1094 | D:2      | 1094 ||| DRINKING potion of heal wounds.
  1096 | D:2      | Killed Natasha
  1097 | D:2      | Reached XP level 4. HP: 28/36 MP: 4/4
  1458 | D:2      | 1458 ||| UPGRADING to +0 pair of gloves.
  1463 | D:2      | 1463 ||| UPGRADING to amulet of reflection.
  1468 | D:2      | 1468 ||| READING scroll labelled TEUNUTHRUFAT.
  1471 | D:2      | 1471 ||| READING scroll labelled SUG BEMOREX.
  1525 | D:3      | Noticed Ijyb
  1544 | D:3      | Killed Ijyb
  1618 | D:3      | 1618 ||| SWAPPING to +1 sling of draining.
  1619 | D:3      | 1619 ||| DROPPING +1 sling.
  1905 | D:3      | 1905 ||| Stepping ~*~*~tactically~*~*~ (outnumbered).
  1913 | D:3      | HP: 9/36 [orc/+0 dagger of speed (4)]
  1914 | D:3      | Killed from afar by an orc priest

Levels and vault maps discovered:
D:1:      spicycebolla_green_bress_n_ham_2, layout_basic
D:2:      layout_basic, minmay_lizard_king, uniq_natasha
D:3:      cheibrodos_pilgrimage, layout_basic,
          chequers_temple_overflow_minitemple, uniq_ijyb

Skill      XL: |  1  2  3 |
---------------+----------+-----
Ranged Weapons | 3 4 |  4.9
Fighting       | 2 |  2.0
Armour         | 2 |  2.1
Dodging        | |  2.1
Spellcasting   | |  1.0
Hexes          | |  2.0

Action                     |  1- 3 |  4- 6 || total
---------------------------+-------+-------++-------
   Fire: Sling             |   109 |    60 ||   169
    Use: Scroll            |     2 |     2 ||     4
         Potion            |     2 |       ||     2
 Armour: Robe              |     2 |       ||     2
         Ring mail         |     7 |    12 ||    19
  Dodge: Dodged            |    23 |    16 ||    39
  Block: Other             |       |     6 ||     6

Table legend:
 A = Non-vault XP
 B = Vault XP
 C = Vault XP percentage of total XP
 D = Non-vault monster count
 E = Vault monster count
 F = Vault count percentage of total count
                 A         B        C        D         E       F
            +---------+---------+-------+---------+---------+-------
      Total |      96 |      91 |  48.7 |      41 |      12 |  22.6
            +---------+---------+-------+---------+---------+-------
        D:1 |      27 |       0 |   0.0 |      17 |       0 |   0.0
        D:2 |      38 |      41 |  51.9 |      16 |       7 |  30.4
        D:3 |      31 |      50 |  61.7 |       8 |       5 |  38.5
            +---------+---------+-------+---------+---------+-------
